Map: Catalyst LE

Players

Elazer - Winner!

  • Race: Zerg Zerg
  • League: Master
  • Spawn Location: 5:00

ShoWTimE

  • Race: Protoss Protoss
  • League: Grandmaster
  • Spawn Location: 11:00

Event: HomeStory Cup XVI

VOD

Have the link to the VOD?

Description

Time

  • Played on: Nov. 11, 2017, 10:23 a.m.
  • Length: 6:34

All games in this series

Show
View Real Time Build Order
Export as new Build Order

Elazer Zerg - Winner!

Build Orders: Hatch First 

Get SALT Encoding   

  12  0:00  Drone  
  13  0:13  Overlord  
  13  0:17  Drone  
  14  0:31  Drone x2  
  16  0:50  Drone x2  
  18  0:58  Drone  
  18  1:02  Hatchery  
  18  1:04  Extractor  
  17  1:14  Spawning Pool  
  17  1:17  Drone  
  17  1:20  Drone  
  18  1:30  Drone  
  19  1:40  Overlord  
  19  1:51  Drone  
  20  2:00  Queen  
  22  2:02  Zergling x2  
  22  2:05  Metabolic Boost  
  23  2:12  Drone  
  23  2:14  Drone  
  25  2:16  Queen  
  28  2:22  Drone  
  28  2:25  Drone  
  29  2:38  Hatchery  
  29  2:39  Drone  
  29  2:44  Pneumatized Carapace  
  29  2:47  Zergling x2  
  30  2:52  Overlord  
  30  2:56  Drone  
  31  3:03  Drone x2  
  32  3:07  Zergling x2  
  32  3:11  Drone x2  
  32  3:12  Drone  
  36  3:14  Drone  
  37  3:20  Drone  
  37  3:23  Drone  
  39  3:35  Overlord  
  39  3:36  Drone  
  40  3:43  Spore Crawler  
  40  3:44  Spore Crawler  
  40  3:45  Drone x4  
  42  3:48  Overlord  
  42  3:55  Queen, Roach Warren  
  43  3:59  Evolution Chamber  
  42  4:04  Queen  
  44  4:12  Queen  
  46  4:18  Extractor, Zergling x2  
  46  4:19  Zergling x6  
  49  4:31  Queen  
  49  4:34  Zergling x8  
  49  4:36  Overlord  
  55  4:45  Roach  
  57  4:48  Overlord  
  57  4:56  Roach x4  
  65  5:04  Overlord  
  63  5:08  Roach x4  
  63  5:12  Roach  
  71  5:15  Roach  
  73  5:22  Overlord  
  73  5:29  Queen  
  73  5:30  Zergling x8  
  74  5:38  Zergling x8  
  74  5:39  Zergling x2  
  78  5:46  Zergling x6  
  80  5:56  Zergling x10  
  77  6:12  Zergling x6  
Show
View Real Time Build Order
Export as new Build Order

ShoWTimE Protoss 

Build Orders: 1 Gate Expand, Oracle Opening, Phoenix Opening 

Get SALT Encoding   

  1  0:00  Probe (Chrono Boost)  
  12  0:04  Probe (Chrono Boost)  
  14  0:17  Pylon  
  14  0:23  Probe (Chrono Boost)  
  16  0:37  Probe (Chrono Boost)  
  16  0:38  Gateway  
  16  0:43  Assimilator  
  16  0:49  Probe (Chrono Boost)  
  17  1:00  Probe (Chrono Boost)  
  18  1:06  Probe (Chrono Boost)  
  19  1:16  Probe (Chrono Boost)  
  20  1:27  Nexus  
  20  1:35  Cybernetics Core  
  21  1:41  Probe (Chrono Boost)  
  21  1:48  Assimilator  
  21  1:53  Probe (Chrono Boost), Pylon  
  22  2:03  Adept  
  22  2:05  Probe (Chrono Boost)  
  26  2:17  Probe (Chrono Boost)  
  26  2:24  Stargate  
  26  2:29  Probe (Chrono Boost)  
  27  2:33  Warp Gate  
  27  2:37  Probe (Chrono Boost)  
  27  2:39  Adept  
  27  2:41  Probe (Chrono Boost)  
  31  2:44  Probe (Chrono Boost)  
  32  2:53  Probe (Chrono Boost)  
  32  2:56  Probe (Chrono Boost)  
  32  2:57  Phoenix  
  35  3:05  Probe (Chrono Boost)  
  35  3:08  Probe (Chrono Boost)  
  35  3:09  Pylon  
  38  3:17  Assimilator  
  38  3:18  Oracle, Probe (Chrono Boost)  
  38  3:19  Assimilator  
  40  3:20  Probe (Chrono Boost)  
  43  3:30  Probe (Chrono Boost)  
  43  3:32  Probe (Chrono Boost)  
  43  3:33  Gateway  
  46  3:42  Probe (Chrono Boost)  
  46  3:44  Probe (Chrono Boost)  
  46  3:45  Pylon  
  47  3:50  Oracle  
  47  3:54  Probe (Chrono Boost)  
  51  3:59  Probe (Chrono Boost)  
  51  4:01  Stargate  
  52  4:06  Probe (Chrono Boost)  
  52  4:07  Gateway  
  53  4:13  Probe (Chrono Boost)  
  55  4:17  Pylon  
  55  4:18  Probe (Chrono Boost)  
  56  4:25  Probe (Chrono Boost)  
  56  4:27  Oracle  
  59  4:31  Pylon  
  59  4:35  Oracle  
  59  4:37  Shield Battery  
  59  4:38  Probe x2 (Chrono Boost)  
  61  4:40  Adept x2  
  68  4:59  Nexus  
  68  5:04  Oracle  
  69  5:10  Pylon  
  69  5:13  Oracle  
  67  5:19  Adept x2  
  71  5:28  Adept  
  73  5:31  Oracle, Probe x2 (Chrono Boost)  
  75  5:38  Oracle  
  76  5:44  Adept x2  
  83  5:51  Adept  
  81  6:06  Stalker  
  81  6:07  Stalker  
  48  6:26  Zealot  
Tags
 
Add a new tag
Caveats
  • Supply blocks, unpowered buildings, or Contaminate may cause inaccurate times.
  • Supply counts are checked every 10 seconds.